 Dungeon Crawl Stone Soup version 0.19-a0-944-gb338e1e (webtiles) character file.

32 mistymad the Shooter (level 3, -1/30 HPs)
             Began as a Centaur Hunter on July 9, 2016.
             Slain by an adder (3 damage)
             ... on level 1 of the Dungeon.
             The game lasted 00:01:56 (1153 turns).

mistymad the Shooter (Centaur Hunter)               Turns: 1153, Time: 00:01:57

Health: -1/30      AC:  4    Str: 14    XL:     3   Next: 10%
Magic:  3/3        EV:  9    Int: 10    God:
Gold:   67         SH:  0    Dex: 12    Spells: 0 memorised, 2 levels left

rFire  . . .     SeeInvis .     b - +0 short sword
rCold  . . .     Gourm    .     c - +0 leather armour
rNeg   . . .     Faith    .     (no shield)
rPois  .         Spirit   .     (no helmet)
rElec  .         Dismiss  .     (no cloak)
rCorr  .         Reflect  .     (no gloves)
SustAt .         Harm     .     (no barding)
MR     .....                    (no amulet)
Stlth  +.........               (no ring)
                                h - +2 ring of dexterity

@: lethally poisoned (-1 -> -7), very quick, not resistant to hostile
enchantments, very unstealthy
A: hooves 3, deformed body, speed 2, tough skin 3
a: no special abilities


You were on level 1 of the Dungeon.
You were not hungry.

You visited 1 branch of the dungeon, and saw 2 of its levels.

You collected 67 gold pieces.

Inventory:

Hand Weapons
 a - a +1 shortbow
 b - a +0 short sword (weapon)
Missiles
 d - 20 arrows
Armour
 c - a +0 leather armour (worn)
Jewellery
 h - a +2 ring of dexterity (left hand)
Scrolls
 g - a scroll of identify {unknown}
 j - a scroll of amnesia {unknown}
 l - a scroll of enchant armour {unknown}
Potions
 i - a potion of berserk rage {unknown}
 k - a potion of curing {unknown}
Comestibles
 f - 2 bread rations


   Skills:
 + Level 2.8 Fighting
 + Level 6.0 Bows
 - Level 1.3 Dodging
 - Level 0.5 Stealth


You had 2 spell levels left.
You didn't know any spells.

Dungeon Overview and Level Annotations

Branches:
Dungeon (2/15)

Altars:


Innate Abilities, Weirdness & Mutations

You have hooves in place of feet.
Armour fits poorly on your strangely shaped body.
You cover ground very quickly.
You have extremely tough skin. (AC +3)


Message History

* * * LOW HITPOINT WARNING * * *
You are lethally poisoned!
The adder poisons you! The adder bites you but does no damage.
You take 2 damage, and have 7/30 hp.
Unknown command.
You miss the adder.
The adder is almost dead.
* * * LOW HITPOINT WARNING * * *
You feel sick. The adder bites you but does no damage.
You take 1 damage, and have 6/30 hp.
Unknown command.
You miss the adder.
The adder is almost dead.
* * * LOW HITPOINT WARNING * * *
You feel sick. The adder barely misses you. The adder bites you.
* * * LOW HITPOINT WARNING * * *
You take 4 damage, and have 2/30 hp.
Unknown command.
It was a potion of magic.
Magic courses through your body. The adder bites you.
You die...

######.####..###.#.# #>#
#........# #.# ##.###.###
######.#####.###.####
#####....................
#########........[.....>...#.####
........#.###.####.###)###.#.#
.######.#.# #.###...##.# #.#.# ##
#.#.# #..S@.#....# #.#.# #####
#####.###### #.#.#
##########.##### #.#.#
#..............# #.#.#
########..............# #.#.#
......##..####.#####..####.#.####
......##...........#..##.........
####.###..#........#.....#...####
#.# #..#........#..#####..#


You could see an adder.

Vanquished Creatures
  3 dart slugs (D:1)
  A giant gecko (D:1)
  2 ball pythons
  2 bats (D:1)
  A giant cockroach (D:1)
  3 goblins
  2 hobgoblins (D:1)
  2 jackals (D:1)
  3 giant newts (D:1)
  A kobold (D:1)
  6 rats
26 creatures vanquished.

Notes
Turn   | Place    | Note
-------+----------+-------------------------------------------
     0 | D:1      | mistymad the Centaur Hunter began the quest for the Orb.
     0 | D:1      | Reached XP level 1. HP: 17/17 MP: 1/1
   459 | D:1      | Reached XP level 2. HP: 20/25 MP: 2/2
   873 | D:1      | Reached skill level 6 in Bows
   895 | D:1      | Reached XP level 3. HP: 29/30 MP: 3/3
  1153 | D:1      | Slain by an adder

Vault maps used:
D:1:      lemuel_arrival_room, serial_glass, glass_columns_a, glass_columns_b

Skill      XL: |  1  2 |
---------------+-------+-----
Bows           | 6 |  6.0
Fighting       | |  2.8
Dodging        | |  1.3
Stealth        | |  0.5

Action                   || total
-------------------------++-------
Melee: Short sword       ||    81
       Kick              ||    12
 Fire: Shortbow          ||     6
  Use: Potion            ||     1
Armor: Leather armour    ||    35
Dodge: Dodged            ||    40
